 Dungeon Crawl Stone Soup version 0.31.0-32-g396128a36d (webtiles) character file.

Game seed: 3748264477988810491

568 Qintro the Reanimator (level 7, 0/52 HPs)
             Began as a Demonspawn Necromancer on Mar 17, 2024.
             Killed by divine providence
             ... invoked by an orc priest
              (14 damage)
             ... on level 6 of the Dungeon.
             The game lasted 00:10:10 (3625 turns).

Qintro the Reanimator (Demonspawn Necromancer)      Turns: 3625, Time: 00:10:11

Health: 0/52       AC:  7    Str:  8    XL:     7   Next: 11%
Magic:  10/10      EV: 10    Int: 18    God:
Gold:   206        SH:  0    Dex: 13    Spells: 5/10 levels left

rFire   + . .        f - +0 dagger (elec)
rCold   + . .        (no shield)
rNeg    . . .        j - +2 ring mail {rC+}
rPois   .            (no helmet)
rElec   .            (no cloak)
rCorr   .            (no gloves)
SInv    .            (no boots)
Will    .....        (no amulet)
Stlth   +            F - ring of protection from fire
HPRegen 0.28/turn    (no ring)
MPRegen 0.24/turn

%: no passive effects
@: animating dead (expiring)
A: magic regeneration, demonic touch 2
a: no special abilities


You were on level 6 of the Dungeon.
You visited 1 branch of the dungeon, and saw 6 of its levels.

You collected 206 gold pieces.


Innate Abilities, Weirdness & Mutations

You regenerate magic rapidly.
Your touch may inflict irresistible damage on your foes.


   Skills:
 - Level 3.0 Fighting
 - Level 1.7 Dodging
 - Level 1.7 Stealth
 - Level 2.0 Spellcasting
 + Level 8.8 Necromancy


You had 5 spell levels left.
You knew the following spells:

 Your Spells              Type           Power      Damage    Failure   Level
a - Animate Dead          Necr           33%        N/A       16%         4
X - Necrotise             Necr           100%       1d9       1%          1

Your spell library contained the following spells:

 Spells                   Type           Power      Damage    Failure   Level
 Vampiric Draining        Necr           33%        2d8       4%          3
 Curse of Agony           Necr           33%        N/A       38%         5
 Foxfire                  Conj/Fire      4%         2x1d4     50%         1
 Vhi's Electric Charge    Tloc/Air       2%         N/A       99%         4
 Arcjolt                  Conj/Air       0%         1d10      100%        5
 Maxwell's Capacitive Co  Air            0%         ∞         100%        8

Inventory:

Hand Weapons
 a - a +2 dagger of venom
 f - a +0 dagger of electrocution (weapon)
Missiles
 c - 53 stones (quivered)
 i - 3 poisoned darts
 m - a throwing net {=f}
Armour
 h - a +2 kite shield
 j - a +2 ring mail of cold resistance (worn)
 q - a +0 helmet
 r - a +0 pair of gloves
 s - the +12 chain mail of Quot Xewawn {rF++}
   (You found it on level 7 of the Dungeon)

   rF++:      It greatly protects you from fire.
Jewellery
 F - a ring of protection from fire (left hand)
Scrolls
 d - a scroll of silence {unknown}
 e - 3 scrolls of poison {unknown}
 g - 2 scrolls of immolation {unknown}
 k - a scroll of teleportation {@r2}
 l - 2 scrolls of fear {unknown}
Potions
 b - 2 potions of magic
 n - a potion of enlightenment {unknown}
 o - a potion of curing {@q1}
 p - a potion of lignification {unknown}

Dungeon Overview and Level Annotations

Branches:
Dungeon (7/15)
 Temple: D:4-7

Altars:

Shops:
D:4

* ##... . #...## #. ##
##.... #. ..# #....###
## ###.## ##......###
..
######....####.........
..
.....>.)....#.......#
.# ....##....#.....o.#
#. .#####...####...@##
# ..###...## #.....o##
#..#..### #..##)..#
##....# ##..######
##..## #..## ##.# ##.##
#.## ##..# #..###..##
#..##...#


You could see an orc priest and an orc.


Message History

Beogh smites you!
* * * LOW HITPOINT WARNING * * *
The orc hits you but does no damage.
You hit the orc but do no damage.
The orc priest calls down the wrath of Beogh upon you.
You struggle to resist.
The orc hits you with a +2 vampiric trident.
* * * LOW HITPOINT WARNING * * *
Unknown command.
You barely miss the orc priest. Your touch misses the orc priest.
The orc priest is lightly wounded.
Your reaping aura is weakening.
The orc priest closely misses you. The orc barely misses you.
Unknown command.
You barely miss the orc priest.
The orc priest is lightly wounded.
The orc priest hits you but does no damage.
The orc barely misses you.
Unknown command.
You hit the orc priest.
The orc priest is lightly wounded.
The orc priest hits you with a +0 flail!
* * * LOW HITPOINT WARNING * * *
The orc closely misses you.
Unknown command.
You hit the orc priest. Your touch misses the orc priest.
The orc priest is moderately wounded.
The orc priest calls down the wrath of Beogh upon you.
Beogh smites you!
You die...

Skill      XL: |  1  2  3  4  5  6 |
---------------+-------------------+-----
Fighting       | 1 2 3 |  3.0
Necromancy     | 5 6 7 8 |  8.8
Dodging        | |  1.7
Stealth        | |  1.7
Spellcasting   | |  2.0

Action                     |  1- 3 |  4- 6 |  7- 9 || total
---------------------------+-------+-------+-------++-------
  Melee: Dagger            |   114 |   119 |    13 ||   246
         Punch             |     2 |     1 |       ||     3
         Touch             |       |    17 |     1 ||    18
  Throw: Stone             |     6 |       |       ||     6
         Throwing net      |       |     1 |       ||     1
   Cast: Necrotise         |    24 |    28 |       ||    52
         Animate Dead      |       |     1 |       ||     1
    Use: Scroll            |       |     1 |       ||     1
         Potion            |       |     1 |       ||     1
   Stab: Sleeping          |     2 |     2 |       ||     4
 Armour: Robe              |    56 |    17 |       ||    73
         Ring mail         |       |    96 |    13 ||   109
  Dodge: Dodged            |    87 |    84 |     5 ||   176

Levels and vault maps discovered:
D:1:      zaba_arrival_water, layout_rooms
D:2:      layout_rooms
D:3:      kennysheep_six_static_rooms, layout_basic,
          shapermc_ecumenical_altar_rom_forum
D:4:      layout_loops_ring, grunt_temple_overflow_lords_of_destruction,
          serial_shops, nicolae_shop_statue_plus
D:6:      layout_layer_cave, nzn_hepliaklqana_mist_gate,
          minmay_temple_entry_hall, portal_sewer_entry_d
D:7:      layout_cave_pools

Notes
Turn   | Place    | Note
-------+----------+-------------------------------------------
     0 | D:1      | Qintro the Demonspawn Necromancer began the quest for the
                  | Orb.
     0 | D:1      | Reached XP level 1. HP: 13/13 MP: 3/3
   137 | D:1      | Reached skill level 1 in Fighting
   229 | D:1      | Gained mutation: You regenerate magic rapidly. [demonic
                  | ancestry]
   229 | D:1      | Reached XP level 2. HP: 21/22 MP: 3/5
   280 | D:1      | Reached skill level 2 in Fighting
   680 | D:1      | Reached XP level 3. HP: 27/27 MP: 4/6
   902 | D:2      | Reached skill level 5 in Necromancy
  1373 | D:3      | Reached XP level 4. HP: 28/33 MP: 4/7
  1408 | D:3      | Learned a level 4 spell: Animate Dead
  1797 | D:3      | Reached skill level 6 in Necromancy
  1801 | D:3      | Gained mutation: Your touch may inflict minor irresistible
                  | damage on your foes. [demonic ancestry]
  1801 | D:3      | Reached XP level 5. HP: 29/40 MP: 0/8
  1803 | D:3      | Reached skill level 3 in Fighting
  2115 | D:3      | Found a faded altar of an unknown god.
  2123 | D:3      | Got Plato's Handbook of Phlogiston
  2852 | D:4      | Found Cuzuna's General Store.
  2871 | D:4      | Reached skill level 7 in Necromancy
  3009 | D:4      | Gained mutation: Your touch may inflict irresistible damage
                  | on your foes. [demonic ancestry]
  3009 | D:4      | Reached XP level 6. HP: 47/47 MP: 9/9
  3135 | D:4      | You fall into a shaft and drop 3 floors!
  3148 | D:7      | Identified the +12 chain mail of Quot Xewawn {rF++}
  3211 | D:7      | Reached skill level 8 in Necromancy
  3219 | D:7      | Noticed a sky beast
  3248 | D:7      | Noticed a water moccasin
  3609 | D:6      | Reached XP level 7. HP: 49/52 MP: 7/10
  3625 | D:6      | Killed from afar by an orc priest

Vanquished Creatures
  A kobold brigand (D:7)
  A bullfrog (D:6)
  A bombardier beetle (D:4)
  An orc priest (D:4)
  2 hounds
  An iguana (D:4)
  6 orc wizards
  3 gnolls
  An adder (D:6)
  2 ribbon worms (D:3)
  10 orcs
  5 ball pythons
  5 bats
  8 endoplasms
  6 giant cockroaches
  8 goblins
  5 hobgoblins
  2 quokkas
  2 frilled lizards (D:3)
  10 kobolds
  7 rats
87 creatures vanquished.

Vanquished Creatures (collateral kills)
  A hobgoblin (D:1)
  A bat (D:2)
2 creatures vanquished.

Vanquished Creatures (others)
  An adder zombie (D:6)
1 creature vanquished.

Grand Total: 90 creatures vanquished

Table legend: (Time is in decaauts)
 A = Elapsed time spent in this place.
 B = Non-inter-level travel time spent in this place.
 C = Inter-level travel time spent in this place.
 D = Time resting spent in this place.
 E = Time spent auto-exploring this place.
 F = Levels seen in this place.
 G = Mean time per level.
                   A        B        C        D        E       F      G
               +--------+--------+--------+--------+--------+-----+--------+
         Total |   3635 |   3500 |    135 |    918 |   1708 |   6 |  605.8 |
       Dungeon |   3635 |   3500 |    135 |    918 |   1708 |   6 |  605.8 |
               +--------+--------+--------+--------+--------+-----+--------+

Top non-repeatable levels by time:
     D:3: 1251 daAuts
     D:2: 843 daAuts
     D:1: 743 daAuts
     D:6: 364 daAuts
     D:4: 302 daAuts
     D:7: 130 daAuts

Table legend:
 A = Non-vault XP
 B = Vault XP
 C = Vault XP percentage of total XP
 D = Non-vault monster count
 E = Vault monster count
 F = Vault count percentage of total count
                 A         B        C        D         E       F
            +---------+---------+-------+---------+---------+-------
      Total |     789 |      23 |   2.8 |      83 |       6 |   6.7
            +---------+---------+-------+---------+---------+-------
        D:1 |      43 |       0 |   0.0 |      26 |       0 |   0.0
        D:2 |      19 |       0 |   0.0 |      12 |       0 |   0.0
        D:3 |     189 |      23 |  10.8 |      22 |       6 |  21.4
        D:4 |     246 |       0 |   0.0 |      11 |       0 |   0.0
        D:6 |     183 |       0 |   0.0 |       6 |       0 |   0.0
        D:7 |     109 |       0 |   0.0 |       6 |       0 |   0.0
            +---------+---------+-------+---------+---------+-------
